 Dungeon Sprint DCSS version 0.19.0-17-g07987d3 (webtiles) character file.

6325 LORDOFBUTT the Imperceptible (level 10, -5/44 HPs)
             Began as a Spriggan Enchanter on Nov 10, 2016.
             Was the Champion of Dithmenos.
             Killed by an exploding ballistomycete spore (27 damage)
             ... in the Dungeon (Sprint I: "Red Sonja").
             The game lasted 00:06:10 (1232 turns).

LORDOFBUTT the Imperceptible (Spriggan Enchanter)   Turns: 1232, Time: 00:06:11

Health: -5/44      AC:  4    Str:  4    XL:     10   Next: 64%
Magic:  29/29      EV: 18    Int: 19    God:    Dithmenos [******]
Gold:   563        SH:  0    Dex: 18    Spells: 5 memorised, 25 levels left

rFire  . . .     SeeInvis +     o - +3 short sword (vamp)
rCold  . . .     Gourm    .     s - +2 robe {MR+}
rNeg   . . .     Faith    .     (shield restricted)
rPois  .         Spirit   .     (helmet restricted)
rElec  .         Reflect  .     (no cloak)
rCorr  .         Harm     .     (gloves unavailable)
MR     ++...     NoTele   +     (boots unavailable)
Stlth  ++++++++..               (no amulet)
                                (no ring)
                                l - ring of stealth

@: confused, wreathed by umbra, very quick
A: unfitting armour, see invisible, herbivore 3, speed 3, slow metabolism 2
a: Shadow Step, Shadow Form, Renounce Religion


You were in the Dungeon.
You worshipped Dithmenos.
Dithmenos was exalted by your worship.
You were not hungry.

You visited 1 branch You collected 1297 gold pieces.
You spent 734 gold pieces at shops.

Inventory:

Hand Weapons
 n - a +6 blowgun
 o - a +3 vampiric short sword (weapon)
 t - the +1 short sword "His Luim" {pierce, *Corrode rElec Str+2}
   (You bought it in a shop in the Dungeon)

   It inflicts extra damage upon your enemies.
   It affects your strength (+2).
   It insulates you from electricity.
   It may corrode you when you take damage.
Missiles
 p - 5 curare-tipped needles
 q - 10 poisoned needles
Armour
 s - a +2 robe of magic resistance (worn)
Jewellery
 l - a ring of stealth (left hand)
Wands
 a - a wand of lightning (8/15)
 k - a wand of teleportation (3/9)
Potions
 e - 3 potions of curing
 f - a potion of heal wounds
 g - a potion of haste
 h - 2 potions of magic
 i - a potion of berserk rage
 j - a potion of beneficial mutation {unknown}
 m - a potion of degeneration {unknown}
Books
 c - a book of Maledictions

   Spells                             Type                      Level
   a - Corona                         Hexes                        1
   b - Ensorcelled Hibernation        Hexes/Ice                    2
   c - Confuse                        Hexes                        3
   d - Tukima's Dance                 Hexes                        3
   e - Dazzling Spray                 Conjuration/Hexes            3
Comestibles
 b - 3 fruits


   Skills:
 - Level 1.1 Short Blades
 - Level 3.0 Dodging
 * Level 25.7 Stealth
 + Level 14.1 Spellcasting
 + Level 14.3 Hexes


You had 25 spell levels left.
You knew the following spells:

 Your Spells              Type           Power        Failure   Level  Hunger
a - Corona                Hex            ######.      0%          1    None
b - Ensorcelled Hibernat  Hex/Ice        #####.       1%          2    None
c - Confuse               Hex            ######..     1%          3    None
d - Tukima's Dance        Hex            ######..     1%          3    None
e - Dazzling Spray        Conj/Hex       #####.       1%          3    None


Dungeon Overview and Level Annotations

Branches:
Dungeon (1/1)

Altars:
Cheibriados
Dithmenos
Elyvilon
Fedhas
Gozag
Hepliaklqana
Kikubaaqudgha
Makhleb
Nemelex Xobeh
Okawaru
Qazlal
Ru
Sif Muna
Trog
Uskayaw
Vehumet
Xom
Yredelemnul
Zin
The Shining One
Jiyva
Lugonu

Shops:
D =}}(*[(!?*****[*


Innate Abilities, Weirdness & Mutations

You are very small and have problems with some larger weapons.
You are too small for most types of armour.
You have supernaturally acute eyesight. (SInv)
You are a herbivore.
You cover ground extremely quickly.
You need consume almost no food.


Message History

You see here a +1 dagger.
Casting: Confuse
Confirm with . or Enter, or press ? or * to list all spells.
Aiming: Confuse
Press: ? - help, Shift-Dir - straight line, f - ballistomycete spore
Aim: a ballistomycete spore (umbra, magic immune)
Okay, then.
The ballistomycete spore explodes!
The explosion of spores engulfs you!
You are confused.
Ouch! That really hurt!
You emit a cloud of dark smoke.
A fungus suddenly grows.
The ballistomycete spore waves its rhizomes.
You bump into the stone wall.
A ballistomycete grows in the wake of the ballistomycete spore.
The ballistomycete spore explodes!
A fungus suddenly grows.
The explosion of spores engulfs you!
You are more confused.
Ouch! That really hurt!
You die...

#..####..#...#.####§§#####.s
#..#__####..##§#≈§≈..#§§# #
#..#_____##'#..§≈§§§§§§.#
#⌠⌠#_.∩...'...§#≈§§§.#..#
####_..__##_.#'##'#####'###
#_____###'#.#§[.)###§'.#
#########§####'###[###.#
+§§§P...§.'.∩##.#
#@§§###########§#
##P###.......##§# #P#
#.......§§.#
#$!$!$#+..######§#
#$$(?$#....§.§§#§#
#######....§§§#§§#
#.[(÷......§§####
#}÷........≈≈#
##.......≈≈≈##


There were no monsters in sight!

Vanquished Creatures
  2 centaur warriors (D)
  Sonja (D)
  A deep troll (D)
  2 unseen horrors (D)
  An oklob plant (D)
  2 kobold demonologists (D)
  A slime creature (D)
  A hornet (D)
  2 redbacks (D)
  Sigmund (D)
  A yak (D)
  2 floating eyes (D)
  7 necrophages (D)
  An ogre (D)
  8 jellies (D)
  Ijyb (D)
34 creatures vanquished.

Vanquished Creatures (others)
  A ballistomycete spore (D)
1 creature vanquished.

Grand Total: 35 creatures vanquished

Notes
Turn   | Place    | Note
-------+----------+-------------------------------------------
     0 | D        | LORDOFBUTT the Spriggan Enchanter began the quest for the Orb.
     0 | D        | Reached XP level 1. HP: 9/9 MP: 5/5
     1 | D        | Noticed Ijyb
     9 | D        | Killed Ijyb
     9 | D        | Reached skill level 10 in Stealth
     9 | D        | Reached XP level 2. HP: 13/13 MP: 6/6
    12 | D        | Noticed an ogre
    22 | D        | Learned a level 2 spell: Ensorcelled Hibernation
    23 | D        | Killed an ogre
    23 | D        | Reached skill level 14 in Stealth
    23 | D        | Reached XP level 3. HP: 16/16 MP: 5/8
    23 | D        | Reached XP level 4. HP: 21/21 MP: 5/9
    31 | D        | Noticed Sigmund
    33 | D        | Killed Sigmund
    33 | D        | Reached skill level 16 in Stealth
    33 | D        | Reached skill level 5 in Spellcasting
    33 | D        | Reached XP level 5. HP: 24/24 MP: 5/14
    33 | D        | Reached XP level 6. HP: 28/28 MP: 5/15
    57 | D        | Found a deep blue altar of Sif Muna.
    59 | D        | Found a radiant altar of Vehumet.
    65 | D        | Found Diellol's Jewellery Emporium.
    65 | D        | Found an ancient bone altar of Kikubaaqudgha.
    65 | D        | Found a hazy altar of Hepliaklqana.
    65 | D        | Found a stormy altar of Qazlal.
    65 | D        | Found a hide-covered altar of Uskayaw.
    65 | D        | Found a blossoming altar of Fedhas.
    65 | D        | Found a bloodstained altar of Trog.
    65 | D        | Found an iron altar of Okawaru.
    65 | D        | Found a basalt altar of Yredelemnul.
    65 | D        | Found a glowing golden altar of the Shining One.
    65 | D        | Found a snail-covered altar of Cheibriados.
    65 | D        | Found a sacrificial altar of Ru.
    65 | D        | Found a glowing silver altar of Zin.
    65 | D        | Found a shadowy altar of Dithmenos.
    65 | D        | Found a white marble altar of Elyvilon.
    65 | D        | Noticed a yak
    66 | D        | Found an opulent altar of Gozag.
    67 | D        | Killed a yak
    67 | D        | Reached skill level 17 in Stealth
    68 | D        | Found a sparkling altar of Nemelex Xobeh.
    99 | D        | Bought an uncursed ring of stealth for 245 gold pieces
   104 | D        | Became a worshipper of Dithmenos the Shadowed
   119 | D        | Found a burning altar of Makhleb.
   119 | D        | Found a viscous altar of Jiyva.
   119 | D        | Found a shimmering altar of Xom.
   119 | D        | Found a corrupted altar of Lugonu.
   119 | D        | Noticed a slime creature
   122 | D        | Killed a slime creature
   122 | D        | Reached skill level 18 in Stealth
   122 | D        | Reached XP level 7. HP: 32/32 MP: 14/19
   141 | D        | Noticed Sonja
   145 | D        | Killed Sonja
   145 | D        | Reached skill level 20 in Stealth
   145 | D        | Reached skill level 10 in Hexes
   145 | D        | Reached XP level 8. HP: 36/36 MP: 17/22
   163 | D        | Noticed a deep troll
   167 | D        | Killed a deep troll
   167 | D        | Reached * piety under Dithmenos
   167 | D        | Reached skill level 21 in Stealth
   167 | D        | Reached skill level 10 in Spellcasting
   203 | D        | Found Veelotuu's Armour Emporium.
   211 | D        | Bought a +2 robe of magic resistance for 230 gold pieces
   257 | D        | Noticed a kobold demonologist
   258 | D        | Noticed a kobold demonologist
   261 | D        | Killed a kobold demonologist
   261 | D        | Reached XP level 9. HP: 39/39 MP: 23/25
   263 | D        | Killed a kobold demonologist
   263 | D        | Reached ** piety under Dithmenos
   263 | D        | Reached skill level 22 in Stealth
   270 | D        | Noticed a demonic crawler
   270 | D        | Noticed a demonic crawler
   270 | D        | Noticed a demonic crawler
   270 | D        | Noticed a demonic crawler
   424 | D        | Learned a level 3 spell: Confuse
   428 | D        | Learned a level 3 spell: Tukima's Dance
   432 | D        | Learned a level 3 spell: Dazzling Spray
   462 | D        | Noticed a centaur warrior
   464 | D        | Noticed a centaur warrior
   468 | D        | Killed a centaur warrior
   468 | D        | Reached skill level 23 in Stealth
   471 | D        | Killed a centaur warrior
   567 | D        | Noticed an oklob plant
   569 | D        | Killed an oklob plant
   569 | D        | Reached *** piety under Dithmenos
   569 | D        | Reached skill level 24 in Stealth
   569 | D        | Reached XP level 10. HP: 44/44 MP: 26/28
   602 | D        | Noticed an unseen horror
   603 | D        | Noticed an unseen horror
   609 | D        | Killed an unseen horror
   611 | D        | Killed an unseen horror
   611 | D        | Reached **** piety under Dithmenos
   611 | D        | Reached skill level 25 in Stealth
   650 | D        | Reached ***** piety under Dithmenos
   857 | D        | Reached ****** piety under Dithmenos
   988 | D        | Found Qualof's Gadget Shoppe.
   988 | D        | Found Seul's Gadget Shop.
   988 | D        | Found Ykenuk's Antique Weapon Boutique.
   990 | D        | Found Janledalei's General Store.
   990 | D        | Found Kiash's Antique Armour Shop.
   990 | D        | Found Duoxka Wikas's Weapon Shoppe.
   990 | D        | Found Rymurun's Distillery.
   990 | D        | Found Xiwn's Magic Scroll Emporium.
   990 | D        | Found Tupt's Assorted Antiques.
   990 | D        | Found Gauppam's Assorted Antiques.
   994 | D        | Found Pyehy's General Store.
   995 | D        | Found Sibles's Assorted Antiques.
   995 | D        | Found Cylachuts's General Store.
   996 | D        | Found Maaclyso's General Store.
  1130 | D        | Bought a bloodstained short sword for 184 gold pieces
  1130 | D        | Identified the cursed +1 short sword "His Luim" {pierce, *Corrode rElec Str+2} (You bought it in a shop in the Dungeon)
  1178 | D        | Bought a scroll of remove curse for 30 gold pieces
  1183 | D        | Bought 3 fruits for 45 gold pieces
  1232 | D        | Killed by an exploding ballistomycete spore

Skill      XL: |  1  2  3  4  5  6  7  8  9 10 |
---------------+-------------------------------+-----
Stealth        | 10 14 16 18 20 21 24 25 | 25.7
Spellcasting   | 5 8 9 11 13 14 | 14.1
Hexes          | 6 8 10 11 13 14 | 14.3
Short Blades   | |  1.1
Dodging        | |  3.0

Action                   |  1- 3 |  4- 6 |  7- 9 | 10-12 || total
-------------------------+-------+-------+-------+-------++-------
Melee: Dagger            |     7 |     4 |     1 |       ||    12
       Short sword       |       |       |    10 |    27 ||    37
 Cast: Ensorcelled Hiber |     1 |       |     3 |     6 ||    10
       Confuse           |       |       |       |     1 ||     1
  Use: Scroll            |       |       |     1 |     3 ||     4
 Stab: Sleeping          |     2 |     4 |     9 |    17 ||    32
       Confused          |       |       |       |     1 ||     1
  Eat: Bread ration      |       |       |       |     1 ||     1
Armor: Robe              |     1 |       |     2 |     5 ||     8
Dodge: Dodged            |     3 |       |     6 |    10 ||    19
